 Dungeon Crawl Stone Soup version 0.17-a0-1596-g1e86911 (webtiles) character file.

1561 KINGKRU the Shield-Bearer (level 9, 0/68 HPs)
             Began as a Human Fighter on July 29, 2015.
             Was a Follower of the Shining One.
             Killed by divine providence
             ... invoked by an orc priest
              (12 damage)
             ... on level 8 of the Dungeon on July 30, 2015.
             The game lasted 00:46:25 (6105 turns).

KINGKRU the Shield-Bearer (Human Fighter)           Turns: 6105, Time: 00:46:25

Health: 0/68       AC: 11    Str: 20    XL:     9   Next: 13%
Magic:  9/9        EV: 10    Int:  9    God:    the Shining One [*.....]
Gold:   338        SH: 10    Dex: 12    Spells: 0 memorised, 8 levels left

rFire  . . .     SeeInvis .     a - +4 long sword
rCold  . . .     Clarity  .     b - +0 scale mail
rNeg   . . .     SustAt   .     c - +0 shield
rPois  .         Gourm    .     f - +1 helmet
rElec  .         Spirit   .     (no cloak)
rCorr  .         Warding  .     k - +0 pair of gloves
rMut   .         Stasis   .     (no boots)
MR     .....                    j - amulet of faith
Stlth  ..........               (no ring)
                                (no ring)

@: glowing, not resistant to hostile enchantments, extremely unstealthy
A: hooves 1, MP-powered wands
a: Renounce Religion


You were on level 8 of the Dungeon.
You worshipped the Shining One.
The Shining One was aware of your devotion.
You were not hungry.

You visited 1 branch of the dungeon, and saw 8 of its levels.

You collected 338 gold pieces.

Inventory:

Hand weapons
 a - a +4 long sword (weapon)
 h - a +1 dagger of venom
 u - a cursed -1 war axe
Missiles
 l - 14 sling bullets of frost
Armour
 b - a +0 scale mail (worn)
 c - a +0 shield (worn)
 f - a +1 helmet (worn)
 k - a +0 pair of gloves (worn)
Jewellery
 j - an amulet of faith (around neck)
 s - a +4 ring of dexterity {unknown}
Magical devices
 d - a wand of polymorph (0)
Scrolls
 p - a scroll of remove curse
 q - 5 scrolls of identify
 t - a scroll of immolation {unknown}
Potions
 m - a potion of agility
Comestibles
 e - 3 bread rations


   Skills:
 + Level 5.1 Fighting
 + Level 5.4 Long Blades
 + Level 5.5 Armour
 + Level 4.6 Dodging
 + Level 0.9 Stealth
 + Level 5.9 Shields


You had 8 spell levels left.
You didn't know any spells.

Dungeon Overview and Level Annotations

Branches:
Dungeon (8/15)             Temple (0/1) D:7
   Lair: D:8-11

Altars:
Ashenzari
Elyvilon
Nemelex Xobeh
Qazlal
Ru
Vehumet
Yredelemnul
The Shining One

Annotations:
D:8 edsrzf's ghost, experienced HESk


Innate Abilities, Weirdness & Mutations

You have large cloven feet.
You expend magic power (3 MP) to strengthen your wands.


Message History

The orc warrior hits you with a dire flail!!
You barely miss the orc warrior.
The orc warrior is severely wounded.
The orc priest mumbles some strange prayers to Beogh against you.
Something smites you!
* * * LOW HITPOINT WARNING * * *
The orc warrior hits you with a dire flail.
* * * LOW HITPOINT WARNING * * *
Unknown command.
Drink which item? (? for menu, Esc to quit)
You feel better. The orc priest barely misses you. The orc warrior misses you.
You hit the orc warrior.
The orc warrior is almost dead.
The orc priest hits you with a club.
* * * LOW HITPOINT WARNING * * *
The orc warrior barely misses you. The orc priest closely misses you.
The orc priest mumbles some strange prayers to Beogh against you.
Something smites you!
You die...

#...# #.# .
#####.#..###.# ..
###...#.##.....# ...
.........###.#.# #......
.......>.##....###.....
.........#..#...........
...............<....#.#.
.........######..[#.....
###....@.# ..#.......
####..)# ####.......
###oo####.# #...<...
#......)[.# #.......
#.##.#.#.?.# #.......
#.#..#.###...#....o.. #
#.##.# #...oo.... #. ..#
###..[.... #. .##
##.#..##


You could see an orc warrior and an orc priest.

Vanquished Creatures
  The ghost of KINGKRU the Sneak, an average HuAs (D:3)
  A hippogriff (D:7)
  2 centaurs (D:7)
  A giant frog (D:7)
  A wyvern skeleton (D:7)
  4 wights (D:7)
  3 killer bees (D:5)
  4 crimson imps
  2 giant frog zombies
  3 hounds
  A centaur skeleton (D:4)
  2 iguanas
  A giant frog skeleton (D:5)
  An orc priest (D:8)
  Jessica (D:3)
  2 worker ants (D:4)
  A hound zombie (D:5)
  A hound skeleton (D:4)
  4 adders
  An ooze (D:2)
  3 giant geckos
  3 orcs (D:8)
  14 goblins
  7 hobgoblins
  4 jackals
  12 kobolds
  2 quokkas
  4 ball pythons
  13 bats
  6 giant cockroaches
  A giant gecko skeleton (D:5)
  7 giant newts
  14 rats
127 creatures vanquished.

Notes
Turn   | Place    | Note
--------------------------------------------------------------
     0 | D:1      | KINGKRU the Human Fighter began the quest for the Orb.
     0 | D:1      | Reached XP level 1. HP: 18/18 MP: 1/1
   195 | D:1      | Reached XP level 2. HP: 21/24 MP: 2/2
   482 | D:1      | Reached XP level 3. HP: 27/29 MP: 3/3
   920 | D:2      | Reached skill level 1 in Dodging
   920 | D:2      | Reached XP level 4. HP: 22/35 MP: 4/4
  1739 | D:3      | Noticed KINGKRU's ghost (average HuAs)
  1793 | D:3      | Killed KINGKRU's ghost
  1793 | D:3      | Reached skill level 4 in Armour
  1793 | D:3      | Reached XP level 5. HP: 17/42 MP: 5/5
  1793 | D:3      | Reached XP level 6. HP: 19/48 MP: 6/6
  2027 | D:3      | Noticed Jessica
  2082 | D:3      | Killed Jessica
  2563 | D:4      | Reached XP level 7. HP: 41/54 MP: 7/7
  2922 | D:5      | Entered Level 5 of the Dungeon
  3242 | D:5      | Found a radiant altar of Vehumet.
  3242 | D:5      | Found a shattered altar of Ashenzari.
  3242 | D:5      | Found a white marble altar of Elyvilon.
  3242 | D:5      | Found a sparkling altar of Nemelex Xobeh.
  3251 | D:5      | Found a basalt altar of Yredelemnul.
  3251 | D:5      | Found a sacrificial altar of Ru.
  3304 | D:5      | Became a worshipper of Elyvilon the Healer
  3386 | D:5      | Reached XP level 8. HP: 23/61 MP: 8/8
  3837 | D:5      | Reached skill level 5 in Shields
  4012 | D:6      | Found a glowing golden altar of the Shining One.
  4033 | D:6      | Fell from the grace of Elyvilon
  4033 | D:6      | Became a worshipper of the Shining One
  4334 | D:7      | Found a stormy altar of Qazlal.
  4499 | D:7      | Found a staircase to the Ecumenical Temple.
  4593 | D:7      | Reached skill level 5 in Long Blades
  4604 | D:7      | Reached skill level 5 in Armour
  4926 | D:7      | Upgraded the game from 0.17-a0-1591-g7a45446 to 0.17-a0-1596-g1e86911
  4934 | D:7      | Reached skill level 5 in Fighting
  5030 | D:7      | Gained mutation: You expend magic power (3 MP) to strengthen your wands. [potion of mutation]
  5030 | D:7      | Gained mutation: You have large cloven feet. [potion of mutation]
  5467 | D:7      | Acquired the Shining One's first power
  5467 | D:7      | Reached XP level 9. HP: 30/68 MP: 9/9
  5732 | D:7      | Found a sacrificial altar of Ru.
  5847 | D:8      | Noticed edsrzf's ghost (experienced HESk)
  6105 | D:8      | Killed from afar by an orc priest

Vault maps used:
D:1:      eino_arrival_tree_alley
D:2:      wad_crossroads, first_bread, grunt_decor_mini_mirrors
D:3:      grunt_temple_overflow_growth_and_decay, tgw_trog, uniq_sigmund,
          uniq_jessica
D:5:      minmay_overflow_temple_hex
D:6:      tso_oasis_becter, serial_shops, shop
D:7:      nicolae_qazlal_general_emergency, lemuel_tele_altar
D:8:      david_lair_shrubbed, uniq_pikel

Action                   |  1- 3 |  4- 6 |  7- 9 || total
-------------------------+-------+-------+-------++-------
Melee: Long sword        |   122 |   174 |   300 ||   596
  Use: Scroll            |       |     7 |     6 ||    13
       Potion            |       |     5 |     7 ||    12
  Eat: Bread ration      |       |     1 |     2 ||     3
       Pizza             |       |     1 |       ||     1
       Beef jerky        |       |       |     1 ||     1
       Meat ration       |       |       |     1 ||     1
